 Dungeon Crawl Stone Soup version 0.29-a0-717-g6dac4ea423 (webtiles) character file.

Game seed: 8634484328199559439

784 HoaS the Skirmisher (level 7, 0/40 HPs)
             Began as a Tengu Hunter on June 26, 2022.
             Slain by a hornet zombie (8 damage)
             ... in an ossuary.
             The game lasted 00:07:35 (4993 turns).

HoaS the Skirmisher (Tengu Hunter)                  Turns: 4993, Time: 00:07:35

Health: 0/40       AC:  7    Str: 11    XL:     7   Next: 86%
Magic:  8/8        EV: 13    Int:  9    God:
Gold:   214        SH:  0    Dex: 20    Spells: 6/6 levels left

rFire   . . .      SeeInvis .   a - +0 shortbow (flame)
rCold   . . .      Faith    .   (shield currently unavailable)
rNeg    . . .      Spirit   .   o - +1 ring mail {Will+}
rPois   +          Reflect  .   (helmet restricted)
rElec   .          Harm     .   (no cloak)
rCorr   .          Rampage  .   l - +0 pair of gloves
Will    +....                   (boots unavailable)
Stlth   +.........              (no amulet)
HPRegen 0.13/turn               g - ring of Yttoithry {rPois Slay+3}
MPRegen 0.11/turn               (no ring)

@: flying quickly and evasively, quick
A: beak, talons 3, nimble flight
a: no special abilities


You were in an ossuary.
You visited 1 branch of the dungeon, and saw 4 of its levels.
You also visited: Ossuary.

You collected 214 gold pieces.

Inventory:

Hand Weapons
 a - a +0 shortbow of flaming (weapon)
Armour
 c - a +0 leather armour
 l - a +0 pair of gloves (worn)
 o - a +1 ring mail of willpower (worn)
Jewellery
 g - the ring of Yttoithry (left hand) {rPois Slay+3}
   (You found it on level 2 of the Dungeon)

   [ring of poison resistance]

   Slay:      It affects your accuracy & damage with ranged weapons and melee
   (+3).
   rPois:     It protects you from poison.
Wands
 h - a wand of flame (29)
 m - a wand of paralysis (6)
Scrolls
 b - a scroll of immolation
 d - a scroll of teleportation
Potions
 i - 2 potions of mutation
 j - a potion of attraction
 k - a potion of cancellation {unknown}


   Skills:
 - Level 2.0 Fighting
 + Level 10.3 Ranged Weapons
 - Level 2.1 Dodging
 - Level 1.0 Stealth


You had 6 spell levels left.
You didn't know any spells.
Your spell library contained the following spells:

 Spells                   Type           Power      Damage    Failure   Level
 Blink                    Tloc           0%         N/A       83%         2
 Lesser Beckoning         Tloc           0%         N/A       96%         3
 Manifold Assault         Tloc           0%         N/A       100%        5


Dungeon Overview and Level Annotations

Branches:
Dungeon (4/15)             Temple (0/1) D:4         Ossuary (1/1)

Altars:
Dithmenos
Fedhas
Hepliaklqana
Sif Muna

Shops:
D:4 [


Innate Abilities, Weirdness & Mutations

You have a beak for a mouth.
You have claws for feet.
Your magical nature lets you fly swiftly and evasively.


Message History

The arrow barely misses the hornet zombie.
The hornet zombie closely misses you. The hornet zombie hits you!
Okay, then.
Fire: a) +0 shortbow (flame)
Press: ? - help, Q - select action, (/) - cycle Shift-Dir - straight line, f/p - hornet zombie
Aim: a hornet zombie (lightly damaged, 73% to hit)
You shoot an arrow.
The arrow barely misses the hornet zombie.
The hornet zombie hits you.
Fire: a) +0 shortbow (flame)
Press: ? - help, Q - select action, (/) - cycle Shift-Dir - straight line, f/p - hornet zombie
Aim: a hornet zombie (lightly damaged, 73% to hit)
You shoot an arrow.
The arrow barely misses the hornet zombie.
The hornet zombie closely misses you.
Fire: a) +0 shortbow (flame)
Press: ? - help, Q - select action, (/) - cycle Shift-Dir - straight line, f/p - hornet zombie
Aim: a hornet zombie (lightly damaged, 73% to hit)
You shoot an arrow.
The arrow hits the hornet zombie but does no damage.
The hornet zombie is lightly damaged.
The hornet zombie hits you but does no damage.
The hornet zombie barely misses you.
Fire: a) +0 shortbow (flame)
Press: ? - help, Q - select action, (/) - cycle Shift-Dir - straight line, f/p - hornet zombie
Aim: a hornet zombie (lightly damaged, 73% to hit)
You shoot an arrow. The arrow hits the hornet zombie.
The arrow burns the hornet zombie.
The hornet zombie is moderately damaged.
The hornet zombie hits you!
* * * LOW HITPOINT WARNING * * *
A killer bee zombie comes into view.
Fire: a) +0 shortbow (flame)
Press: ? - help, Q - select action, (/) - cycle Shift-Dir - straight line, f/p - hornet zombie
Aim: a hornet zombie (moderately damaged, 73% to hit)
You shoot an arrow.
The arrow hits the hornet zombie but does no damage.
The hornet zombie is moderately damaged.
The hornet zombie hits you!
You die...

##### #∩..#
#.∩.# #.@.#
##Z##
..≈≈≈≈≈MZ.≈.P#
'#+#M#'#≈≈≈≈≈≈#
# #. .#.#≈≈≈ ##
#≈#≈#≈≈ ##≈≈#
#≈# ≈≈


You could see a mummy, a killer bee zombie and a hornet zombie.

Vanquished Creatures
  Sigmund (D:4)
  2 centaur zombies (Ossuary)
  5 orc priests
  Ijyb (D:3)
  A human skeleton (D:4)
  An orc wizard (D:4)
  4 killer bee zombies (Ossuary)
  7 mummies (Ossuary)
  A howler monkey zombie (Ossuary)
  A gnoll (D:1)
  5 adders
  A worm (D:2)
  A dart slug (D:2)
  9 orcs
  10 ball pythons
  3 bats
  7 endoplasms
  2 giant cockroaches
  4 goblins
  10 hobgoblins
  9 jackals
  8 kobolds
  6 quokkas
  3 frilled lizards
  An orc skeleton (D:4)
  2 rats
105 creatures vanquished.

Vanquished Creatures (others)
  6 fungi (D:2)
  2 plants (D:2)
  3 withered plants (Ossuary)
11 creatures vanquished.

Grand Total: 116 creatures vanquished

Notes
Turn   | Place    | Note
-------+----------+-------------------------------------------
     0 | D:1      | HoaS the Tengu Hunter began the quest for the Orb.
     0 | D:1      | Reached XP level 1. HP: 12/12 MP: 2/2
   122 | D:1      | Reached XP level 2. HP: 15/17 MP: 3/3
   189 | D:1      | Reached skill level 5 in Ranged Weapons
   782 | D:1      | Reached XP level 3. HP: 21/21 MP: 4/4
  2103 | D:2      | Reached skill level 6 in Ranged Weapons
  2110 | D:2      | Found a blossoming altar of Fedhas.
  2500 | D:2      | Reached XP level 4. HP: 26/26 MP: 5/5
  2563 | D:2      | Identified the ring of Yttoithry {rPois Slay+3}
  2645 | D:2      | Found a faded altar of an unknown god.
  3143 | D:3      | Noticed Ijyb
  3147 | D:3      | Killed Ijyb
  3148 | D:3      | Gained mutation: Your magical nature lets you fly swiftly
                  | and evasively. [Tengu growth]
  3148 | D:3      | Reached XP level 5. HP: 30/30 MP: 6/6
  3166 | D:3      | Reached skill level 7 in Ranged Weapons
  3404 | D:3      | Found a hazy altar of Hepliaklqana.
  3437 | D:3      | Found a shadowy altar of Dithmenos.
  4091 | D:3      | Found a shimmering blue altar of Sif Muna.
  4143 | D:4      | Noticed Sigmund
  4149 | D:4      | Killed Sigmund
  4150 | D:4      | Reached skill level 8 in Ranged Weapons
  4150 | D:4      | Reached XP level 6. HP: 19/35 MP: 7/7
  4246 | D:4      | Found Fum Hag's Armour Shoppe.
  4445 | D:4      | Reached XP level 7. HP: 40/40 MP: 8/8
  4457 | D:4      | Reached skill level 9 in Ranged Weapons
  4621 | D:4      | Found a sand-covered staircase.
  4630 | Ossuary  | Entered an ossuary
  4906 | Ossuary  | Reached skill level 10 in Ranged Weapons
  4993 | Ossuary  | Slain by a hornet zombie

Illustrated notes

Levels and vault maps discovered:
D:1:      sevenhm_arrival_forest_fort_large_4, layout_basic, st_stairs_7,
          hangedman_decor_opposing
D:2:      layout_basic, shapermc_ecumenical_altar_mp_urbaneastern, basic_altar
D:3:      layout_loops_corners, lemuel_doored_altar, led_sif_pool,
          lemuel_coloured_pillars_altar, minmay_misc_feat_diagonals, uniq_ijyb
D:4:      layout_basic, fedhas_altar_4, minmay_temple_entry_mist,
          nicolae_ossuary_entry_catacombs, serial_shops, kennysheep_mini_moat,
          moated_statue, minmay_manual_macuahuitl, uniq_sigmund, uniq_pikel,
          uniq_edmund, uniq_eustachio, uniq_duvessa
Ossuary:  ossuary_zaba_flooded

Skill      XL: |  1  2  3  4  5  6  7 |
---------------+----------------------+-----
Ranged Weapons | 5 6 8 10 | 10.3
Fighting       | |  2.0
Dodging        | |  2.1
Stealth        | |  1.0

Action                   |  1- 3 |  4- 6 |  7- 9 || total
-------------------------+-------+-------+-------++-------
 Fire: Shortbow          |   115 |   111 |   102 ||   328
  Use: Scroll            |     7 |     4 |     1 ||    12
       Potion            |       |       |     3 ||     3
Armor: Leather armour    |    15 |     2 |       ||    17
       Ring mail         |       |       |    22 ||    22
Dodge: Dodged            |    37 |    11 |    41 ||    89

Table legend: (Time is in decaauts)
 A = Elapsed time spent in this place.
 B = Non-inter-level travel time spent in this place.
 C = Inter-level travel time spent in this place.
 D = Time resting spent in this place.
 E = Time spent auto-exploring this place.
 F = Levels seen in this place.
 G = Mean time per level.
                   A        B        C        D        E       F      G
               +--------+--------+--------+--------+--------+-----+--------+
         Total |   4961 |   4775 |    186 |   1675 |   2457 |   5 |  992.2 |
       Dungeon |   4603 |   4417 |    186 |   1414 |   2455 |   4 | 1150.8 |
       Ossuary |    358 |    358 |      0 |    261 |      1 |   1 |  358.0 |
               +--------+--------+--------+--------+--------+-----+--------+

Top non-repeatable levels by time:
     D:1: 1886 daAuts
     D:2: 1225 daAuts
     D:3: 1219 daAuts
 Ossuary: 358 daAuts
     D:4: 271 daAuts
